 Dungeon Crawl Stone Soup version 0.28.0 (webtiles) character file.

Game seed: 9610377313320700042

144 AmazingTV the Sneak (level 5, 0/27 HPs)
             Began as a Spriggan Brigand on June 27, 2022.
             Killed by divine providence
             ... invoked by an orc priest
              (16 damage)
             ... on level 3 of the Dungeon.
             The game lasted 00:09:49 (4353 turns).

AmazingTV the Sneak (Spriggan Brigand)              Turns: 4353, Time: 00:09:50

Health: 0/27       AC:  3    Str:  7    XL:     5   Next: 5%
Magic:  15/15      EV: 22    Int: 13    God:
Gold:   122        SH:  0    Dex: 18    Spells: 4/4 levels left

rFire   . . .      SeeInvis +   a - +2 dagger
rCold   . . .      Faith    .   (no shield)
rNeg    . . .      Spirit   .   b - +0 robe
rPois   .          Reflect  .   (helmet restricted)
rElec   .          Harm     .   c - +0 cloak
rCorr   .          Rampage  .   (gloves unavailable)
Will    .....                   (boots unavailable)
Stlth   ++++......              (no amulet)
HPRegen 0.09/turn               i - ring of magical power
MPRegen 0.14/turn               k - +4 ring of evasion

@: very quick
A: very small, no large weapons, unfitting armour, see invisible, speed 3
a: no special abilities


You were on level 3 of the Dungeon.
You visited 1 branch of the dungeon, and saw 3 of its levels.

You collected 122 gold pieces.

Inventory:

Hand Weapons
 a - a +2 dagger (weapon)
Missiles
 d - 7 poisoned darts (quivered)
 e - 2 curare-tipped darts
 f - 178 stones
 q - 30 arrows
Armour
 b - a +0 robe (worn)
 c - a +0 cloak (worn)
Jewellery
 i - a ring of magical power (left hand)
 k - a +4 ring of evasion (right hand)
Scrolls
 g - 3 scrolls of identify {unknown}
 l - a scroll of magic mapping {unknown}
 o - 2 scrolls of teleportation {unknown}
 s - a scroll of enchant armour {unknown}
Potions
 h - a potion of ambrosia {unknown}
 j - a potion of attraction {unknown}
 m - 2 potions of mutation {unknown}
 n - a potion of brilliance {unknown}
 p - 2 potions of haste {unknown}
 r - a potion of heal wounds {unknown}


   Skills:
 + Level 2.4 Fighting
 + Level 3.2 Short Blades
 + Level 2.2(2.8) Slings
 - Level 2.0(2.3) Throwing
 + Level 3.0 Dodging
 + Level 6.8 Stealth


You had 4 spell levels left.
You didn't know any spells.
Your spell library contained the following spells:

 Spells                   Type           Power      Damage    Failure   Level
 Sting                    Tmut/Pois      0%         1d3       30%         1
 Summon Small Mammal      Summ           0%         N/A       30%         1
 Poisonous Vapours        Pois/Air       0%         N/A       43%         2
 Call Canine Familiar     Summ           0%         N/A       67%         3
 Summon Guardian Golem    Hex/Summ       0%         N/A       67%         3
 Olgreb's Toxic Radiance  Pois           0%         N/A       97%         4


Dungeon Overview and Level Annotations

Branches:
Dungeon (3/15)

Altars:

Shops:
D:1 [   D:3 *[


Innate Abilities, Weirdness & Mutations

You are very small and have problems with some larger weapons.
You are too small for most types of armour.
You have supernaturally acute eyesight. (SInv)
You cover ground extremely quickly. (Speed+++)


Message History

An orc priest is nearby!
You start resting.
HP restored.
Things that are here:
a +0 dagger; a +0 hunting sling
Things that are here:
a +0 dagger; a +0 animal skin; a +0 helmet You see here a +0 dagger.
You hit the orc priest.
The orc priest is moderately wounded.
The orc priest closely misses you.
You barely miss the orc priest.
The orc priest is moderately wounded.
The orc priest misses you.
You closely miss the orc priest.
The orc priest is moderately wounded.
You hit the orc priest.
The orc priest is heavily wounded.
The orc priest completely misses you.
You hit the orc priest.
The orc priest is severely wounded.
The orc priest misses you.
You hit the orc priest.
The orc priest is severely wounded.
The orc priest calls down the wrath of Beogh upon you.
Pain shoots through your body!
You closely miss the orc priest.
The orc priest is severely wounded.
The orc priest completely misses you.
You closely miss the orc priest.
The orc priest is severely wounded.
The orc priest barely misses you.
You hit the orc priest.
The orc priest is almost dead.
You hit the orc priest.
The orc priest is almost dead.
The orc priest mumbles some strange prayers to Beogh against you.
Beogh smites you!
Ouch! That really hurt!
You die...

#.##..... ###....
.>..... ##..... ####.#
#.# #....#.
#....###.#####...###
#.)..).......#...# #
#..)####.#####...# #
#..)..##.#...#...# #
#.#.###....##.#.#.#...#
#
#.....).@.......#.#...#
#
###.###..o.##.###.#...#
# #....##.# #.#...# #
#...###.# #.#...# #
#...###.#####...# #
#.........# #...# #
###.......# #...# #
#.......# #...# #
#.......# ##'####


You could see an orc priest.

Vanquished Creatures
  An orc priest (D:3)
  Robin (D:3)
  3 gnolls (D:2)
  An adder (D:3)
  A dart slug (D:1)
  3 orcs (D:3)
  3 ball pythons
  6 endoplasms
  A giant cockroach (D:1)
  11 goblins
  5 hobgoblins
  4 kobolds
  4 quokkas
  5 bats
  5 frilled lizards
  4 rats
58 creatures vanquished.

Vanquished Creatures (others)
  A goblin (D:3)
  11 plants (D:2)
12 creatures vanquished.

Grand Total: 70 creatures vanquished

Notes
Turn   | Place    | Note
-------+----------+-------------------------------------------
     0 | D:1      | AmazingTV the Spriggan Brigand began the quest for the Orb.
     0 | D:1      | Reached XP level 1. HP: 10/10 MP: 2/2
   283 | D:1      | Reached skill level 6 in Stealth
   290 | D:1      | Reached XP level 2. HP: 15/15 MP: 3/3
   302 | D:1      | Found Task's Antique Armour Boutique.
   501 | D:1      | Found a faded altar of an unknown god.
   519 | D:1      | Reached skill level 1 in Slings
  1152 | D:2      | Reached XP level 3. HP: 18/18 MP: 4/4
  1842 | D:2      | Reached XP level 4. HP: 18/23 MP: 5/5
  1980 | D:3      | Found Yrphethro's Antique Armour Shoppe.
  2245 | D:3      | Found Gyisyul's Assorted Antiques.
  3759 | D:3      | Noticed Robin
  3797 | D:3      | Killed Robin
  3840 | D:3      | Reached XP level 5. HP: 13/27 MP: 6/6
  4353 | D:3      | Killed from afar by an orc priest

Illustrated notes

Levels and vault maps discovered:
D:1:      erik_arrival_triangle_medium, layout_loops_ring,
          shapermc_ecumenical_altar_mp_urbaneastern, serial_shops,
          nicolae_shop_advertising_works [nicolae_subvault_shop_adworks]
D:2:      layout_basic, nicolae_grassy_gnolls
D:3:      layout_basic, serial_shops, shop, nicolae_shop_stone, nrook_uturn,
          chequers_decorated_corner, uniq_robin

Skill      XL: |  1  2  3  4 |
---------------+-------------+-----
Stealth        | 6 |  6.8
Slings         | 1 2 |  2.2
Dodging        | 2 3 |  3.0
Fighting       | 2 |  2.4
Short Blades   | 3 |  3.2
Throwing       | |  2.0

Action                   |  1- 3 |  4- 6 || total
-------------------------+-------+-------++-------
Melee: Dagger            |    86 |   162 ||   248
       Punch             |       |     1 ||     1
Throw: Dart              |     7 |     7 ||    14
 Stab: Sleeping          |    15 |     2 ||    17
       Distracted        |     2 |       ||     2
Armor: Robe              |     4 |    14 ||    18
Dodge: Dodged            |    51 |   148 ||   199
